[Event "*** SCC Grand Prix: Titled Tuesday Blitz"]
[Site "Chess.com"]
[Date "2020.10.13"]
[Round "8"]
[White "Chessalary"]
[Black "crazy_but_lazy"]
[Result "1/2-1/2"]
[WhiteElo "2302"]
[BlackElo "2494"]
[TimeControl "180+1"]
[EndTime "11:36:59 PDT"]
[Termination "Game drawn - insufficient material"]

1. d4 Nf6 2. c4 e6 3. Nc3 Bb4 4. e3 O-O 5. Ne2 Re8 6. a3 Bf8 7. g3 d5 8. cxd5 exd5 9. Bg2 c6 10. O-O Bf5 11. b4 Qd7 12. Bb2 Bh3 13. Qc2 Bxg2 14.
Kxg2 a5 15. Na4 Qg4 16. h3 Qe4+ 17. Qxe4 Nxe4 18. Nac3 axb4 19. axb4 Rxa1 20. Rxa1 Bxb4 21. Nxe4 Rxe4 22. Nc3 Bxc3 23. Bxc3 Na6 24. Bb4 f6 25. Ba5 Kf7 26. Rb1 Re7 27. Bd8 Rd7 28. Bb6 h5 29. Kf3 Ke6 30. g4 hxg4+ 31. hxg4 Rf7 32. Kg3 Nb8 33.
f4 g6 34. Kf3 Nd7 35. Kg3 Nxb6 36. Rxb6 Kd6 37. Kf3 f5 38. gxf5 gxf5 39. Ke2 Rh7 40.
Kd3 Kc7 41. Rb1 b5 42. Rg1 Kb6 43. Rg5 Rf7 44. Kc3 Ka5 45. Rg6 b4+ 46. Kd3 Kb5 47. Rg8 Rb7 48. Rf8 Ka4 49. Kc2 b3+ 50. Kb2 Kb4 51.
Rxf5 Rh7 52. Rg5 Rh2+ 53. Kb1 Kc3 54. Rg1 Re2 55. Rc1+ Kd3 56. Rxc6 Rxe3 57. f5 Rf3 58. f6 Kxd4 59. Kb2 Ke5 60. Rb6 Rxf6 61. Rxb3 Rc6 62. Rh3 Rc8 63. Rh5+ Kd4 64. Rh4+ Kc5 65. Rh3 Re8 66.
Kc3 d4+ 67. Kd3 Re5 68. Rf3 Rh5 69. Rg3 Kd5 70. Rf3 Rg5 71. Rh3 Re5 72. Rf3 Re8 73. Rf5+ Ke6 74. Rc5 Rd8 75. Rc4 Ke5 76. Ra4 Rd5 77. Rb4 Ra5 78. Rb3 Ra4 79. Rb5+ Kf4 80. Rd5 Kf3 81. Rxd4 Ra3+ 82. Kc4 Ra8 83. Rd3+ Ke4 84. Rd7 Ke5 85. Kb5 Rb8+ 86. Kc6 Rb1 87. Kc7 Ke6 88. Rd2 Rc1+ 89. Kb6 Ke5 90. Kb5 Ke4 91.
Kb4 Rc8 92. Rd6 Rb8+ 93. Kc5 Ke5 94. Rb6 Rc8+ 95. Rc6 Ra8 96. Rb6 Ra1 97. Rb5 Rc1+ 98. Kb6+ Kd4 99. Rb4+ Kd5 100. Rb5+ Kd6 101. Rb3 Rc6+ 102. Kb5 Rc1 103. Kb4 Kc6 104. Rc3+ Rxc3 105. Kxc3 1/2-1/2

[Event "*** SCC Grand Prix: Titled Tuesday Blitz"]
[Site "Chess.com"]
[Date "2020.10.13"]
[Round "9"]
[White "Ranindu2003"]
[Black "realmadridtv"]
[Result "1-0"]
[WhiteElo "2603"]
[BlackElo "2410"]
[TimeControl "180+1"]
[EndTime "11:38:59 PDT"]
[Termination "Ranindu2003 won by resignation"]

1. c4 Nf6 2. Nc3 e5 3. Nf3 e4 4. Ng5 Qe7 5. Qc2 Nc6 6. Ngxe4 Nd4 7. Qd3 c5 8. Nxf6+ Qxf6 9. Nd5 Qe5 10. e3 d6 11. f4 1-0

[Event "*** SCC Grand Prix: Titled Tuesday Blitz"]
[Site "Chess.com"]
[Date "2020.10.13"]
[Round "9"]
[White "Cocaino74"]
[Black "AIROPITO7"]
[Result "0-1"]
[WhiteElo "2397"]
[BlackElo "2558"]
[TimeControl "180+1"]
[EndTime "11:39:07 PDT"]
[Termination "AIROPITO7 won by resignation"]

1. e4 e5 2. Nf3 Nc6 3. Bc4 Nf6 4. Ng5 d5 5. exd5 Nxd5 6. Nxf7 Qh4 7. Bxd5 Bg4 8. Bf3 Bc5 9. g3 Qf6 10. d4 Bxf3 11. dxe5 Qxf7 0-1

[Event "*** SCC Grand Prix: Titled Tuesday Blitz"]
[Site "Chess.com"]
[Date "2020.10.13"]
[Round "9"]
[White "Slovak_fighter2000"]
[Black "doons21"]
[Result "1-0"]
[WhiteElo "2413"]
[BlackElo "2546"]
[TimeControl "180+1"]
[EndTime "11:39:17 PDT"]
[Termination "Slovak_fighter2000 won by resignation"]

1. d4 Nf6 2. Bf4 g6 3. Nc3 Bg7 4. e4 d6 5. Qd2 Nc6 6. Nf3 h6 7. Be2 Nh5 8. Be3 e5 9. O-O-O exd4 10. Nxd4 Nxd4 11. Bxd4 Bxd4 12. Qxd4 Qf6 13. Bxh5 Qxd4 14. Rxd4 gxh5 15. Nd5 Kd8 16. Nf4 h4 17. e5 Rg8 18.
exd6 cxd6 19. Rxd6+ Kc7 20. Rxh6 Rg4 21. g3 Bf5 22.
Nd5+ Kd7 23. Nf6+ 1-0

[Event "*** SCC Grand Prix: Titled Tuesday Blitz"]
[Site "Chess.com"]
[Date "2020.10.13"]
[Round "9"]
[White "UmarovSabir"]
[Black "gumimis"]
[Result "0-1"]
[WhiteElo "2355"]
[BlackElo "2263"]
[TimeControl "180+1"]
[EndTime "11:40:02 PDT"]
[Termination "gumimis won by resignation"]

1. e4 c5 2. a3 Nc6 3. b4 cxb4 4.
axb4 Nxb4 5. c3 Nc6 6. d4 e6 7. Na3 d5 8. exd5 exd5 9. Nb5 Bf5 10. Bf4 Rc8 11. Qe2+ Be7 12. Nd6+ Kf8 13. Nxc8 Qxc8 14.
Nf3 Nxd4 15. Qe3 Nc2+ 0-1

[Event "*** SCC Grand Prix: Titled Tuesday Blitz"]
[Site "Chess.com"]
[Date "2020.10.13"]
[Round "9"]
[White "rugbyclub"]
[Black "Quiet_Desperation"]
[Result "1-0"]
[WhiteElo "2206"]
[BlackElo "1909"]
[TimeControl "180+1"]
[EndTime "11:40:16 PDT"]
[Termination "rugbyclub won by resignation"]

1. d4 Nf6 2. c4 g6 3. Nc3 Bg7 4.
e4 d6 5. Be2 O-O 6. Nf3 Nc6 7.
d5 Nb8 8. O-O e5 9. Bg5 h6 10.
Bxf6 Bxf6 11. b4 Bg7 12. Ne1 f5 13. Nd3 f4 14. Bg4 Nd7 15. c5 h5 16. Be6+ Kh7 17.
Rc1 f3 18. g3 Nb8 19. Bxc8 Qxc8 20. Ne1 Qg4 21. cxd6 cxd6 22. Nb5 h4 23. Nc7 Bh6 24.
Rc3 Nd7 25. Nxa8 Nf6 26. Qxf3 1-0

[Event "*** SCC Grand Prix: Titled Tuesday Blitz"]
[Site "Chess.com"]
[Date "2020.10.13"]
[Round "9"]
[White "brunomorado"]
[Black "C_K_G"]
[Result "0-1"]
[WhiteElo "2292"]
[BlackElo "2066"]
[TimeControl "180+1"]
[EndTime "11:40:17 PDT"]
[Termination "C_K_G won by resignation"]

1. d4 d5 2. Nc3 c6 3. e4 dxe4 4.
Nxe4 Bf5 5. Ng5 Nf6 6. Bc4 e6 7. N1f3 Bd6 8. Qe2 O-O 9. Ne5 Nbd7 10. Nexf7 Rxf7 11. Bxe6 Bxe6 12. Qxe6 Qe7 13. Be3 Qxe6 14.
Nxe6 Re7 0-1

[Event "*** SCC Grand Prix: Titled Tuesday Blitz"]
[Site "Chess.com"]
[Date "2020.10.13"]
[Round "9"]
[White "Beca95"]
[Black "GiantThresher"]
[Result "1-0"]
[WhiteElo "2934"]
[BlackElo "2860"]
[TimeControl "180+1"]
[EndTime "11:40:34 PDT"]
[Termination "Beca95 won by resignation"]

1. d4 d5 2. c4 e6 3. Nf3 c5 4. cxd5 exd5 5. dxc5 Nc6 6. Nc3 Nf6 7. Bg5 Bxc5 8. Bxf6 Qxf6 9. Qxd5 Bb4 10. Qb3 Be6 11. Qc2 Rc8 12. a3 Bxc3+ 13. Qxc3 Qxc3+ 14. bxc3 Na5 15. Nd4 Rxc3 16. e3 Ke7 17. Be2 Rhc8 18. O-O Bc4 19. Bxc4 R8xc4 20. a4 Nc6 21. Nb5 Rc2 22. Na3 R2c3 23. Nxc4 Rxc4 24. Rfc1 Rxc1+ 25. Rxc1 Kd6 26. f3 a6 27. Kf2 b5 28. axb5 axb5 29.
e4 b4 30. Ke3 b3 31. Rb1 Na5 32. Kd4 Kc6 33. Kc3 Kc5 34. Rd1 Kc6 35. Rd5 1-0

[Event "*** SCC Grand Prix: Titled Tuesday Blitz"]
[Site "Chess.com"]
[Date "2020.10.13"]
[Round "9"]
[White "Trickov"]
[Black "pfalcon1949"]
[Result "1-0"]
[WhiteElo "2360"]
[BlackElo "1938"]
[TimeControl "180+1"]
[EndTime "11:40:38 PDT"]
[Termination "Trickov won by resignation"]

1. d4 Nf6 2. Nf3 e6 3. g3 d5 4. Bg2 b6 5. O-O Bb7 6. c4 c6 7. Nc3 Be7 8. b3 O-O 9. Qc2 Na6 10. Rd1 Rc8 11. e4 dxe4 12. Nxe4 Nb4 13. Qb1 Nxe4 14. Qxe4 c5 15. Qxb7 Nc2 16. Rb1 Nxd4 17. Nxd4 cxd4 18.
Qxa7 Bc5 19. Qb7 Qf6 20. Qe4 Rfd8 21. Bb2 Rd7 22. b4 Bxb4 23. Bxd4 Qg6 24. Qxg6 hxg6 25. Rxb4 1-0

[Event "*** SCC Grand Prix: Titled Tuesday Blitz"]
[Site "Chess.com"]
[Date "2020.10.13"]
[Round "9"]
[White "PowerThinking2650"]
[Black "ThePatrick27"]
[Result "0-1"]
[WhiteElo "2368"]
[BlackElo "2527"]
[TimeControl "180+1"]
[EndTime "11:40:45 PDT"]
[Termination "ThePatrick27 won by resignation"]

1. e4 Nf6 2. e5 Nd5 3. c4 Nb6 4.
d4 d6 5. exd6 cxd6 6. Nc3 g6 7.
Nf3 Bg7 8. Be2 Bg4 9. Be3 Nc6 10. b3 O-O 11. Rc1 d5 12. c5 Nc8 13. b4 a6 14. Rb1 Bf5 15. Rb2 e5 16. dxe5 Nxe5 17. Nxe5 Bxe5 18. Rb3 d4 19. Bh6 dxc3 20. Bxf8 Qxd1+ 21. Bxd1 Kxf8 0-1

[Event "*** SCC Grand Prix: Titled Tuesday Blitz"]
[Site "Chess.com"]
[Date "2020.10.13"]
[Round "9"]
[White "Ze-Pequeno"]
[Black "Region_07"]
[Result "0-1"]
[WhiteElo "2165"]
[BlackElo "2330"]
[TimeControl "180+1"]
[EndTime "11:40:54 PDT"]
[Termination "Region_07 won by resignation"]

1. e4 Nc6 2. Nf3 d6 3. d4 g6 4. d5 Nb8 5. h3 Bg7 6. Bd3 Nf6 7. O-O O-O 8. Re1 Nbd7 9. c3 c6 10. dxc6 bxc6 11. Na3 Nc5 12. Bc2 a5 13. e5 Nd5 14.
exd6 exd6 15. Bg5 Qc7 16. Qd2 Rb8 17. Rab1 Ba6 18. Bh6 Rfe8 19. Bxg7 Kxg7 20. b3 Ne6 21. Rbd1 Rbd8 22. Be4 Ndf4 23. Kh2 d5 24. g3 0-1

[Event "*** SCC Grand Prix: Titled Tuesday Blitz"]
[Site "Chess.com"]
[Date "2020.10.13"]
[Round "9"]
[White "venus02"]
[Black "Sven_Tica"]
[Result "1/2-1/2"]
[WhiteElo "2513"]
[BlackElo "2652"]
[TimeControl "180+1"]
[EndTime "11:41:18 PDT"]
[Termination "Game drawn by repetition"]

1. e4 c5 2. Nf3 Nf6 3. e5 Nd5 4. Nc3 e6 5. Nxd5 exd5 6. d4 Nc6 7. c3 d6 8. exd6 Bxd6 9. dxc5 Bxc5 10. Bb5 O-O 11.
O-O Bg4 12. h3 Bh5 13. Bf4 Rc8 14. Qd3 Qb6 15. b4 Be7 16. Be3 Qc7 17. Nd4 Ne5 18. Qd2 Qxc3 19. Qxc3 Rxc3 20. Nf5 Bf6 21. Bxa7 Bg6 22.
Ne3 Rd8 23. Bb6 Rd6 24. Bc5 Rd8 25. Bb6 Rd6 26. Bc5 Rd8 27. Bb6 1/2-1/2

[Event "*** SCC Grand Prix: Titled Tuesday Blitz"]
[Site "Chess.com"]
[Date "2020.10.13"]
[Round "9"]
[White "temus_galaktionov"]
[Black "redbaron8888"]
[Result "1-0"]
[WhiteElo "2637"]
[BlackElo "2512"]
[TimeControl "180+1"]
[EndTime "11:41:21 PDT"]
[Termination "temus_galaktionov won by resignation"]

1. d4 Nf6 2. Nf3 e6 3. c4 Bb4+ 4. Nbd2 O-O 5. a3 Bxd2+ 6. Qxd2 d5 7. e3 b6 8. b4 dxc4 9. Bxc4 Bb7 10. O-O Nbd7 11.
Bb2 Qe7 12. Rfd1 Rfd8 13. Qe2 a5 14. b5 h6 15. a4 Nd5 16. e4 Nf4 17. Qe3 Ng6 18.
Ba3 Qf6 19. e5 Qf4 20. Rac1 Qxe3 21. fxe3 Bxf3 22. gxf3 Rac8 23. Bd3 Nh4 24. Kf2 g5 25. Rc2 Kg7 26. Rdc1 Nxe5 27. Be2 Neg6 28. Rxc7 Rxc7 29. Rxc7 e5 30. dxe5 Nxe5 31. Bb2 Rd5 32. f4 gxf4 33. exf4 1-0

[Event "*** SCC Grand Prix: Titled Tuesday Blitz"]
[Site "Chess.com"]
[Date "2020.10.13"]
[Round "9"]
[White "AurumO"]
[Black "ZverevLev"]
[Result "1-0"]
[WhiteElo "1950"]
[BlackElo "2279"]
[TimeControl "180+1"]
[EndTime "11:41:25 PDT"]
[Termination "AurumO won by resignation"]

1. e4 e5 2. Nf3 Nc6 3. Bb5 a6 4. Ba4 Nf6 5. Qe2 Be7 6. c3 b5 7. Bb3 d6 8. d3 O-O 9. O-O Na5 10. Bc2 c5 11. Rd1 Nc6 12. h3 h6 13. Nbd2 Qc7 14.
Nf1 Be6 15. Ng3 d5 16. Nh4 Nxe4 17. dxe4 Bxh4 18. exd5 Bxg3 19. fxg3 Bd7 20. dxc6 Bxc6 21. Be4 Bxe4 22. Qxe4 Rad8 23. Be3 f5 24. Qc2 Rxd1+ 25. Rxd1 g5 26. Qd2 f4 27. gxf4 exf4 28. Qd5+ Kg7 29. Bxc5 1-0

[Event "*** SCC Grand Prix: Titled Tuesday Blitz"]
[Site "Chess.com"]
[Date "2020.10.13"]
[Round "9"]
[White "Samantha_Ross"]
[Black "Chamal_Gedgafov"]
[Result "1-0"]
[WhiteElo "2263"]
[BlackElo "2157"]
[TimeControl "180+1"]
[EndTime "11:41:41 PDT"]
[Termination "Samantha_Ross won by resignation"]

1. e4 e6 2. d4 d5 3. Nc3 Bb4 4. e5 c5 5. a3 Bxc3+ 6. bxc3 Ne7 7. Qg4 Qc7 8. Qxg7 Rg8 9. Qxh7 cxd4 10. Ne2 Nbc6 11.
f4 dxc3 12. Qd3 d4 13. Nxd4 Nxd4 14. Qxd4 Nd5 15. Bb5+ Bd7 16. Bxd7+ Qxd7 17. O-O Qc6 18. g3 b6 19. a4 a5 20. Ba3 O-O-O 21. Rab1 Rg6 22. Bd6 Rh8 23. Qd3 Kb7 24. Qb5 Qxb5 25. Rxb5 Kc6 26. Rf3 Rgh6 27. h4 Rg6 28. Kf2 f6 29. Rb3 fxe5 30. Bxe5 Nb4 31. Bxh8 1-0

[Event "*** SCC Grand Prix: Titled Tuesday Blitz"]
[Site "Chess.com"]
[Date "2020.10.13"]
[Round "9"]
[White "Triumphmate"]
[Black "paulrusan"]
[Result "1-0"]
[WhiteElo "2452"]
[BlackElo "2239"]
[TimeControl "180+1"]
[EndTime "11:41:42 PDT"]
[Termination "Triumphmate won by checkmate"]

1. e4 g6 2. Nf3 Bg7 3. d4 d6 4. Nc3 a6 5. Bd3 b5 6. Be3 Bb7 7. Qd2 Nd7 8. O-O-O c5 9. dxc5 dxc5 10. h4 h5 11. Ng5 Ngf6 12. f4 b4 13. Nb1 O-O 14. e5 Ng4 15. Bc4 Nxe3 16. Qxe3 e6 17. Nxe6 fxe6 18.
Bxe6+ Kh7 19. Rxd7 Qb6 20. f5 Bc8 21. fxg6+ Kh8 22.
Qg5 Qxe6 23. Qxh5+ Kg8 24. Qh7# 1-0

[Event "*** SCC Grand Prix: Titled Tuesday Blitz"]
[Site "Chess.com"]
[Date "2020.10.13"]
[Round "9"]
[White "AsaHoffmann"]
[Black "Stouuf"]
[Result "0-1"]
[WhiteElo "2364"]
[BlackElo "2610"]
[TimeControl "180+1"]
[EndTime "11:41:49 PDT"]
[Termination "Stouuf won by checkmate"]

1. d4 d6 2. e4 Nf6 3. f3 d5 4. e5 Nfd7 5. f4 c5 6. c3 Nc6 7.
Nf3 cxd4 8. cxd4 Nb6 9. h3 Bf5 10. Nc3 e6 11. Be3 Bb4 12. Be2 O-O 13. O-O Rc8 14. Rc1 Bxc3 15. Rxc3 Be4 16. Nd2 Ne7 17.
Nb3 Nf5 18. Bf2 Rxc3 19. bxc3 Nc4 20. Nc5 Nce3 21. Bxe3 Nxe3 22. Qc1 Nxf1 23. Bxf1 b6 24. Nb7 Qh4 25. Nd6 Qg3 26. Qd2 f6 27. Nxe4 dxe4 28.
Bc4 fxe5 29. Bxe6+ Kh8 30. dxe5 e3 31. Qe2 Rxf4 32.
Bg4 Rf2 33. Qb5 Qxg2# 0-1

[Event "*** SCC Grand Prix: Titled Tuesday Blitz"]
[Site "Chess.com"]
[Date "2020.10.13"]
[Round "9"]
[White "Nikolakis2014"]
[Black "AlexeiShirov"]
[Result "0-1"]
[WhiteElo "2737"]
[BlackElo "2836"]
[TimeControl "180+1"]
[EndTime "11:42:10 PDT"]
[Termination "AlexeiShirov won by resignation"]

1. Nf3 d5 2. d4 Nf6 3. c4 c6 4. Nc3 e6 5. g3 dxc4 6. Bg2 b5 7. Bg5 Bb7 8. Bxf6 Qxf6 9. Ne5 a6 10. a4 Bb4 11.
O-O O-O 12. e3 Qe7 13. Qh5 f6 14. Nf3 Nd7 15. Rfc1 Nb6 16. Nd2 Bxc3 17. bxc3 Nxa4 18. Nxc4 c5 19. e4 Nxc3 20. Na5 cxd4 21. Nxb7 Qxb7 22.
e5 Qf7 23. Qxf7+ Kxf7 24. Bxa8 Rxa8 25. Kf1 fxe5 0-1

[Event "*** SCC Grand Prix: Titled Tuesday Blitz"]
[Site "Chess.com"]
[Date "2020.10.13"]
[Round "9"]
[White "RobertoJBM"]
[Black "GOGIEFF"]
[Result "0-1"]
[WhiteElo "2714"]
[BlackElo "2879"]
[TimeControl "180+1"]
[EndTime "11:42:22 PDT"]
[Termination "GOGIEFF won on time"]

1. d4 Nf6 2. c4 e6 3. Nc3 d5 4.
cxd5 exd5 5. Bg5 c6 6. e3 h6 7.
Bh4 Bf5 8. Qf3 Qb6 9. Qxf5 Qxb2 10. Qc8+ Ke7 11. Rb1 Qxc3+ 12. Kd1 g5 13. Bg3 Ne4 14. Nf3 Bg7 15. Rxb7+ Kf6 16. Be5+ Kg6 17. Nh4+ gxh4 18.
Qg4+ Ng5 19. f4 Bxe5 0-1

[Event "*** SCC Grand Prix: Titled Tuesday Blitz"]
[Site "Chess.com"]
[Date "2020.10.13"]
[Round "9"]
[White "Alexander_Moskalenko"]
[Black "Chesswizard_2007"]
[Result "1-0"]
[WhiteElo "2822"]
[BlackElo "2590"]
[TimeControl "180+1"]
[EndTime "11:42:23 PDT"]
[Termination "Alexander_Moskalenko won by resignation"]

1. e4 a5 2. d4 b6 3. c4 Bb7 4. Nc3 e6 5. Be3 Bb4 6. f3 f5 7.
exf5 Nh6 8. Bd3 O-O 9. fxe6 Nf5 10. Bxf5 Rxf5 11. Ne2 Qh4+ 12. Ng3 dxe6 13. Qd2 Nc6 14. a3 Bxc3 15. Qxc3 e5 16. d5 Nd4 17. O-O-O Qxg3 18. hxg3 Ne2+ 19. Kd2 Nxc3 20. Kxc3 Rd8 21. Rh4 h6 22. a4 c5 23. dxc6 Rxd1 24. cxb7 Rf8 25. Bxb6 Rd7 26. Bxa5 Rxb7 27. b4 Ra8 28. c5 Rd7 29.
Re4 Rd5 30. Kc4 Rd2 31. Rxe5 Rxg2 32. c6 Rxg3 33. c7 Rxf3 34. Rd5 Rff8 35. Kb5 g5 36. Kc6 g4 37. Kb7 Kg7 38. Rd8 Rfxd8 39. cxd8=Q Rxd8 40.
Bxd8 g3 41. a5 h5 42. Bb6 h4 43. Bc7 g2 44. Bh2 Kf7 45. a6 Kg6 46. a7 g1=Q 47.
Bxg1 h3 48. Bh2 Kh5 49. a8=Q Kg4 50. Qb8 1-0

[Event "*** SCC Grand Prix: Titled Tuesday Blitz"]
[Site "Chess.com"]
[Date "2020.10.13"]
[Round "9"]
[White "exoticprincess"]
[Black "K_A_S_T_O_R"]
[Result "1-0"]
[WhiteElo "2875"]
[BlackElo "2719"]
[TimeControl "180+1"]
[EndTime "11:42:31 PDT"]
[Termination "exoticprincess won by resignation"]

1. d4 Nf6 2. Bg5 Ne4 3. Bf4 c5 4. Nc3 Nxc3 5. bxc3 Qa5 6. Qd2 d6 7. e3 g6 8. Nf3 Bg7 9. h4 h5 10. Bc4 Nd7 11. Ng5 O-O 12. Qd3 e6 13. Bxd6 Re8 14. g4 cxd4 15. exd4 Nf6 16. gxh5 Nxh5 17. Rg1 Qf5 18.
Qxf5 gxf5 19. Be2 Nf6 20. Be5 Kf8 21. Nh7+ Nxh7 22. Rxg7 f6 23. Rxh7 fxe5 24. dxe5 Re7 25. Rxe7 Kxe7 26. Kd2 Bd7 27. Rg1 Rh8 28. Rg7+ Kd8 29.
h5 Bc6 30. Ke3 Ke8 31. Kf4 Kf8 32. Rc7 1-0

[Event "*** SCC Grand Prix: Titled Tuesday Blitz"]
[Site "Chess.com"]
[Date "2020.10.13"]
[Round "9"]
[White "valeriocarnicelli"]
[Black "cassoulet"]
[Result "1-0"]
[WhiteElo "2578"]
[BlackElo "2699"]
[TimeControl "180+1"]
[EndTime "11:42:34 PDT"]
[Termination "valeriocarnicelli won by resignation"]

1. e4 e6 2. d4 d5 3. Nc3 Bb4 4. e5 c5 5. a3 Bxc3+ 6. bxc3 Ne7 7. Qg4 cxd4 8. Qxg7 Rg8 9. Qxh7 Qc7 10. Ne2 Nbc6 11. f4 dxc3 12. Qd3 Bd7 13. Rb1 Rc8 14. Rg1 Nf5 15. g4 Nfe7 16. h4 d4 17. h5 Nd5 18.
h6 a6 19. h7 Rh8 20. g5 Nxe5 21. fxe5 Qxe5 22. Qxd4 Qxd4 23. Nxd4 Rxh7 24. Rxb7 Rh4 25.
Nf3 Re4+ 26. Kf2 Bc6 27. Bd3 Ra4 28. Ra7 Nf4 29. Rh1 Nxd3+ 30. cxd3 Kd8 31. Rh8+ Be8 32. Ne5 Rc7 33. Rxe8+ Kxe8 34. Rxc7 Rh4 35. Rxc3 Rh2+ 36. Ke3 Rg2 37. Nf3 Ke7 38. Rc6 a5 39. Bd2 a4 40.
Rc4 1-0

[Event "*** SCC Grand Prix: Titled Tuesday Blitz"]
[Site "Chess.com"]
[Date "2020.10.13"]
[Round "9"]
[White "AndreyNeves"]
[Black "maxip32"]
[Result "0-1"]
[WhiteElo "2268"]
[BlackElo "2414"]
[TimeControl "180+1"]
[EndTime "11:42:37 PDT"]
[Termination "maxip32 won by checkmate"]

1. d4 Nf6 2. c4 g6 3. g3 Bg7 4.
Bg2 O-O 5. Nf3 d6 6. O-O Nbd7 7. Nc3 e5 8. e3 Re8 9. b3 c6 10. Ba3 Bf8 11. dxe5 dxe5 12. Bxf8 Rxf8 13. Qd2 Qe7 14. Rfd1 a5 15. Qd6 Qxd6 16. Rxd6 Re8 17. Rad1 Kg7 18.
Bh3 Nc5 19. Bxc8 Raxc8 20. Kf1 e4 21. Ng5 h6 22. Nh3 g5 23. Ng1 Ng4 24. h4 Ne5 25. hxg5 hxg5 26. Nh3 f6 27. Ke2 Rh8 28. Ng1 Rh2 29.
Kf1 f5 30. Nce2 Ncd3 31. Rd4 Rxf2# 0-1

[Event "*** SCC Grand Prix: Titled Tuesday Blitz"]
[Site "Chess.com"]
[Date "2020.10.13"]
[Round "9"]
[White "tan275"]
[Black "PetrolulSah"]
[Result "0-1"]
[WhiteElo "2195"]
[BlackElo "2163"]
[TimeControl "180+1"]
[EndTime "11:42:40 PDT"]
[Termination "PetrolulSah won by resignation"]

1. d4 Nf6 2. c4 e6 3. g3 d5 4. Nf3 Be7 5. Bg2 O-O 6. Nc3 Nbd7 7.
O-O b6 8. cxd5 Nxd5 9. Nxd5 exd5 10. Bf4 Bb7 11. Rc1 c5 12. dxc5 bxc5 13. Qb3 Bc6 14.
Rfd1 Qb6 15. Qc2 Bf6 16. b3 Rfe8 17. Bh3 c4 18. Bg5 Ne5 19. Nxe5 Bxg5 20. Qf5 Bxc1 21.
Qxf7+ Kh8 22. Bf5 Rxe5 23. Rxc1 Qb7 0-1

[Event "*** SCC Grand Prix: Titled Tuesday Blitz"]
[Site "Chess.com"]
[Date "2020.10.13"]
[Round "9"]
[White "Pashinskiy_Mikhail"]
[Black "MathiasWomacka"]
[Result "0-1"]
[WhiteElo "2346"]
[BlackElo "2496"]
[TimeControl "180+1"]
[EndTime "11:42:43 PDT"]
[Termination "MathiasWomacka won by resignation"]

1. e4 c5 2. Nc3 Nc6 3. Bb5 Nd4 4.
Nf3 Nxb5 5. Nxb5 d6 6. d4 Nf6 7. Nc3 cxd4 8. Qxd4 e5 9. Qd3 h6 10. Nd2 Be6 11. Nc4 Rc8 12. Ne3 Be7 13. O-O O-O 14. Ncd5 Nxd5 15. Nxd5 Bxd5 16. Qxd5 Rxc2 17. Qxb7 Bg5 18.
Qxa7 Bxc1 19. Rfxc1 Rxb2 20. g3 Qa8 21. Qxa8 Rxa8 22.
Rc6 Ra4 23. Rxd6 Rxe4 24. Rd8+ Kh7 25. Rd3 Ree2 26. Rf3 f6 27. a4 e4 28. Rf4 e3 29.
a5 exf2+ 30. Kf1 Ra2 31. Ra4 Re1+ 0-1

[Event "*** SCC Grand Prix: Titled Tuesday Blitz"]
[Site "Chess.com"]
[Date "2020.10.13"]
[Round "9"]
[White "katchesskat"]
[Black "kakakz"]
[Result "0-1"]
[WhiteElo "2244"]
[BlackElo "2362"]
[TimeControl "180+1"]
[EndTime "11:42:43 PDT"]
[Termination "kakakz won by checkmate"]

1. c4 Nf6 2. Nf3 g6 3. Nc3 c5 4. e3 Bg7 5. Be2 O-O 6. h4 Nc6 7. Ng5 h6 8. Nge4 b6 9. g4 Nxe4 10. Nxe4 Bb7 11. Bf3 Ne5 12. Nf6+ Bxf6 13. Bxb7 Nd3+ 14.
Ke2 Nxc1+ 15. Qxc1 Rb8 16. Be4 e6 17. Qc2 d5 18. Bd3 dxc4 19. Bxc4 b5 20. Bd3 c4 21.
Be4 Qd6 22. g5 Bg7 23. h5 hxg5 24. h6 Bf6 25. Bxg6 fxg6 26. Qxg6+ Kh8 27. Ke1 Rbd8 28. Rd1 Qd3 29. Qh5 Bxb2 30. Qxg5 Qf5 31. Qg3 Rg8 32. Qh4 Rdf8 33. h7 Rg4 34. Qh6 Qxf2# 0-1

[Event "*** SCC Grand Prix: Titled Tuesday Blitz"]
[Site "Chess.com"]
[Date "2020.10.13"]
[Round "9"]
[White "chessplayer9919"]
[Black "NiranjanNavalgund"]
[Result "1-0"]
[WhiteElo "2606"]
[BlackElo "2439"]
[TimeControl "180+1"]
[EndTime "11:42:53 PDT"]
[Termination "chessplayer9919 won on time"]

1. d4 Nf6 2. c4 e6 3. Nf3 d5 4. e3 a6 5. b3 c5 6. cxd5 exd5 7. Bb2 Ne4 8. Nbd2 cxd4 9. Bxd4 Bb4 10. a3 Ba5 11. b4 Bc7 12. Bd3 Bf5 13. Qc2 Qe7 14.
b5 O-O 15. O-O Bd6 16. Qb2 1-0

[Event "*** SCC Grand Prix: Titled Tuesday Blitz"]
[Site "Chess.com"]
[Date "2020.10.13"]
[Round "9"]
[White "catzapto"]
[Black "barbara25"]
[Result "0-1"]
[WhiteElo "2140"]
[BlackElo "2241"]
[TimeControl "180+1"]
[EndTime "11:42:53 PDT"]
[Termination "barbara25 won on time"]

1. e4 c5 2. Nf3 d6 3. c3 Nf6 4. Be2 g6 5. O-O Bg7 6. Re1 O-O 7.
Bf1 a6 8. h3 b5 9. d4 Bb7 10.
e5 Nd5 11. Nbd2 dxe5 12. dxe5 e6 13. Ne4 Nd7 14. Bg5 Qc7 15. Nf6+ N7xf6 16. exf6 Bh8 17. c4 Nxf6 18. cxb5 axb5 19. Bxb5 Nd5 20. Bc4 Bxb2 21. Rb1 Bg7 22. Qb3 Bc6 23. h4 Rab8 24. Qd1 h6 25.
Bd2 Rfd8 26. Qe2 Rxb1 27. Rxb1 Nf6 28. Ne5 Bd5 29. Bxd5 exd5 30. Nf3 d4 31. Qe1 Qd7 32.
Qd1 c4 33. Ne5 Qd5 34. f4 c3 35. Bc1 d3 36. Rb3 d2 37. Ba3 c2 0-1

[Event "*** SCC Grand Prix: Titled Tuesday Blitz"]
[Site "Chess.com"]
[Date "2020.10.13"]
[Round "9"]
[White "crazy_but_lazy"]
[Black "Loy_Konstantin"]
[Result "0-1"]
[WhiteElo "2483"]
[BlackElo "2371"]
[TimeControl "180+1"]
[EndTime "11:42:57 PDT"]
[Termination "Loy_Konstantin won by checkmate"]

1. c4 c5 2. Nf3 Nf6 3. d4 cxd4 4.
Nxd4 e5 5. Nb5 d5 6. cxd5 Bc5 7. e3 O-O 8. N5c3 e4 9. Be2 Qe7 10. a3 a5 11. Nd2 Rd8 12. Qc2 Nxd5 13. Ncxe4 Bxe3 14. fxe3 Nxe3 15. Qc5 Qxc5 16. Nxc5 Nc2+ 17. Kd1 Nxa1 18.
b3 Bf5 19. Bb2 Nc2 20. Kc1 Nd4 21. Bc4 Ne6 22. Nxb7 Rd7 23. Bxe6 Bxe6 24. Nc5 Rc7 25. b4 axb4 26. axb4 Na6 27. Ne4 Nxb4 28. Rd1 Na6 29. Be5 Rxc5+ 30. Nxc5 Nxc5 31. Kd2 Rd8+ 32. Ke1 Rxd1+ 33.
Kxd1 Nd7 34. Bb2 f6 35. Kd2 Kf7 36. Ke3 Bd5 37. Kf2 Ke6 38. g3 g6 39. h4 h6 40. Bc3 g5 41. Bb2 Kf5 42. hxg5 hxg5 43. Kg1 Kg4 44. Kh2 f5 45. Ba3 f4 46. gxf4 gxf4 47.
Bd6 f3 48. Bg3 Nf6 49. Be1 Ne4 50. Kg1 Kf4 51. Bh4 Ke3 52. Be1 Ke2 53. Bh4 Bc6 54.
Kh2 Bd7 55. Kg1 f2+ 56. Bxf2 Nxf2 57. Kg2 Ne4 58. Kh2 Kf2 59. Kh1 Nd2 60. Kh2 Nf1+ 61. Kh1 Bc6# 0-1

[Event "*** SCC Grand Prix: Titled Tuesday Blitz"]
[Site "Chess.com"]
[Date "2020.10.13"]
[Round "9"]
[White "kingnb"]
[Black "Forantes"]
[Result "1-0"]
[WhiteElo "2597"]
[BlackElo "2431"]
[TimeControl "180+1"]
[EndTime "11:43:00 PDT"]
[Termination "kingnb won by resignation"]

1. d4 Nf6 2. Nf3 g6 3. Bg5 Bg7 4. Nbd2 d5 5. e4 Nxe4 6. Nxe4 dxe4 7. Nd2 O-O 8. c3 Re8 9. Nxe4 Qd5 10. Bd3 Bf5 11. Qf3 Bxe4 12. Bxe4 Qxg5 13. Bxb7 Qb5 14. Bxa8 e5 15. O-O-O exd4 16. Bd5 dxc3 17. Bxf7+ Kh8 18. Bb3 a5 19. Rhe1 cxb2+ 20. Kb1 Rxe1 21. Rxe1 a4 22. Qd5 Qxd5 23. Bxd5 Bc3 24. Re8+ Kg7 25. Rxb8 1-0